 Dungeon Crawl Stone Soup version 0.18-a0-5-gf1fb587 (webtiles) character file.

1755 mrath the Digger (level 9, 42/49 HPs)
             Began as a Gargoyle Earth Elementalist on Oct 31, 2015.
             Was an Initiate of Vehumet.
             Starved to death
             ... on level 7 of the Dungeon.
             The game lasted 01:22:37 (11262 turns).

mrath the Digger (Gargoyle Earth Elementalist)     Turns: 11262, Time: 01:22:37

Health: 42/49      AC: 16    Str: 11    XL:     9   Next: 6%
Magic:  18/18      EV: 12    Int: 23    God:    Vehumet [......]
Gold:   339        SH:  0    Dex: 10    Spells: 4 memorised, 9 levels left

rFire  . . .     SeeInvis .     T - +1 mace (venom)
rCold  + . .     Clarity  .     R - +2 robe "Muihomn" {*Confuse rC+ Int+3}
rNeg   + . .     SustAt   .     (no shield)
rPois  ∞         Gourm    .     w - +1 helmet
rElec  +         Spirit   .     m - +2 cloak
rCorr  .         Warding  .     W - +0 pair of gloves
rMut   .         Stasis   .     (no boots)
MR     +....                    (no amulet)
Stlth  ++........               B - ring of protection from magic (curse)
                                r - ring of flight

@: fainting, somewhat resistant to hostile enchantments, unstealthy
A: negative energy resistance 1, electricity resistance, unbreathing,
petrification resistance, rot immunity, AC +5
a: Renounce Religion, Evoke Flight


You were on level 7 of the Dungeon.
You worshipped Vehumet.
Vehumet was noncommittal.
You were fainting.

You visited 2 branches of the dungeon, and saw 8 of its levels.
You also visited: Ossuary.

You collected 339 gold pieces.

Inventory:

Hand Weapons
 e - a cursed +0 blowgun
 j - a +2 trident of freezing
 T - a +1 mace of venom (weapon)
Missiles
 a - 108 stones (quivered)
 x - 14 poisoned needles
 A - 12 sling bullets
 U - a throwing net
Armour
 b - a +0 robe
 m - a +2 cloak (worn)
 w - a +1 helmet (worn)
 R - the +2 robe "Muihomn" (worn) {*Confuse rC+ Int+3}
   (You found it on level 5 of the Dungeon)

   It affects your intelligence (+3).
   It protects you from cold.
   It may confuse you when you take damage.
 W - a +0 pair of gloves (worn)
Jewellery
 r - a ring of flight (left hand)
 B - a cursed ring of protection from magic (right hand)
Wands
 o - a wand of fire (4)
Scrolls
 c - a scroll of brand weapon {unknown}
 i - a scroll of identify
 l - 3 scrolls of teleportation
 u - 2 scrolls of blinking
 y - 7 scrolls of noise {unknown}
 C - 3 scrolls of random uselessness {unknown}
 D - 5 scrolls of amnesia {unknown}
 H - a scroll of magic mapping
 I - 3 scrolls of remove curse {unknown}
 N - a scroll of immolation {unknown}
 O - a scroll of fear {unknown}
Potions
 f - a potion of agility {unknown}
 h - 5 potions of curing {unknown}
 p - 2 potions of brilliance {unknown}
 q - 4 potions of flight
 s - a potion of heal wounds {unknown}
 z - a potion of magic {unknown}
 F - 9 potions of poison {unknown}
 G - a potion of might
 J - 2 potions of invisibility {unknown}
 L - 4 potions of degeneration {unknown}
 M - 4 potions of mutation {unknown}
 P - a potion of resistance {unknown}
 Q - 3 potions of haste {unknown}
Comestibles
 d - a beef jerky
 g - 4 meat rations
 n - a bread ration


   Skills:
 + Level 2.7 Fighting
 + Level 2.8 Maces & Flails
 + Level 2.5 Armour
 + Level 2.7 Dodging
 - Level 2.1 Stealth
 * Level 6.3 Spellcasting
 + Level 4.6 Conjurations
 - Level 0.7 Transmutations
 + Level 6.7 Earth Magic
 + Level 2.5 Evocations


You had 9 spell levels left.
You knew the following spells:

 Your Spells              Type           Power        Failure   Level  Hunger
a - Sandblast             Erth           #####.       1%          1    None
b - Stoneskin             Trmt/Erth      ###.....     2%          2    None
c - Stone Arrow           Conj/Erth      ####..       2%          3    #......
d - Lee's Rapid Deconstr  Erth           #####.....   17%         5    #####..


Dungeon Overview and Level Annotations

Branches:
Dungeon (7/15)             Temple (1/1) D:7

Altars:
Cheibriados
Dithmenos
Elyvilon
Fedhas
Gozag
Makhleb
Okawaru
Qazlal
Vehumet
Yredelemnul
Zin
The Shining One
Beogh

Shops:
D:3 *

Annotations:
D:2 Sigmund
D:4 Goblin1989's ghost, amateur HOGl


Innate Abilities, Weirdness & Mutations

You are resistant to torment.
Your stone body is resilient (AC +5).
You are immune to poison.
You resist negative energy.
You are resistant to electric shocks.
You can survive without breathing.
You are immune to petrification.
You are immune to rotting.


Message History

You barely miss the hungry ghost.
The hungry ghost is severely damaged.
The hungry ghost hits you.
You feel slightly more hungry. The hungry ghost closely misses you.
You barely miss the hungry ghost.
The hungry ghost is severely damaged.
The hungry ghost hits you.
You feel slightly more hungry.
You closely miss the hungry ghost.
The hungry ghost is severely damaged.
The hungry ghost hits you.
You feel slightly more hungry.
You barely miss the hungry ghost.
The hungry ghost is severely damaged.
The hungry ghost barely misses you.
You barely miss the hungry ghost.
The hungry ghost is severely damaged.
The hungry ghost hits you. x2
You hit the hungry ghost.
The hungry ghost is severely damaged.
You have starved to death.
You die...

###########
########.........####
#..W@....###.........
#(##########.###.####
#. ##...##.# #W
#.....#. # #(
#.....#.## # #.
##.#.#.#..# # ###.#
##....#.##.### #.#
#.....#.......
#.####....##.##.###


You could see a hungry ghost.

Vanquished Creatures
  An ice beast (D:7)
  An orc warrior (D:7)
  A black bear (D:5)
  A sky beast (D:7)
  2 centaurs
  2 giant frogs (D:6)
  A scorpion (D:6)
  A killer bee (D:6)
  5 crimson imps
  A wasp zombie (D:6)
  A human zombie (Ossuary)
  A gnoll shaman (D:5)
  2 jellies
  5 orc priests
  Jessica (D:2)
  Terence (D:2)
  Natasha (D:2)
  An orc wizard (D:5)
  A worker ant (D:5)
  2 iguanas
  A killer bee zombie (D:7)
  A big kobold zombie (Ossuary)
  3 mummies (Ossuary)
  3 gnolls
  A worker ant zombie (D:5)
  9 adders
  3 shadow imps
  An ooze (D:3)
  3 worms
  5 giant geckos
  15 orcs
  8 bats
  4 giant cockroaches
  6 goblins
  9 hobgoblins
  6 jackals
  8 kobolds
  8 giant newts
  2 gnoll zombies (Ossuary)
  A hobgoblin zombie (Ossuary)
  2 jackal skeletons (D:5)
  2 kobold zombies (Ossuary)
  An orc zombie (Ossuary)
  2 quokkas
  A quokka zombie (D:7)
  9 rats
146 creatures vanquished.

Notes
Turn   | Place    | Note
--------------------------------------------------------------
     0 | D:1      | mrath the Gargoyle Earth Elementalist began the quest for the Orb.
     0 | D:1      | Reached XP level 1. HP: 10/10 MP: 3/3
   210 | D:1      | Reached XP level 2. HP: 9/15 MP: 0/5
   454 | D:1      | Reached skill level 4 in Earth Magic
   864 | D:1      | Reached XP level 3. HP: 19/19 MP: 5/7
  1128 | D:1      | Learned a level 2 spell: Stoneskin
  1132 | D:1      | Learned a level 3 spell: Stone Arrow
  1686 | D:2      | Noticed Natasha
  2341 | D:2      | Noticed Sigmund
  2870 | D:2      | Reached skill level 1 in Conjurations
  2924 | D:2      | Reached XP level 4. HP: 24/24 MP: 5/8
  3002 | D:2      | Noticed Terence
  3009 | D:2      | Killed Terence
  3107 | D:2      | Noticed Jessica
  3111 | D:2      | Killed Jessica
  3156 | D:2      | Found a snail-covered altar of Cheibriados.
  3344 | D:2      | Reached XP level 5. HP: 28/28 MP: 7/10
  3466 | D:2      | Killed Natasha
  3896 | D:3      | Found Zin's Purification Station.
  3901 | D:3      | Reached skill level 5 in Earth Magic
  3904 | D:3      | Found a glowing silver altar of Zin.
  4567 | D:4      | Noticed Goblin1989's ghost (amateur HOGl)
  4924 | D:4      | Reached XP level 6. HP: 32/32 MP: 10/12
  5378 | D:5      | Entered Level 5 of the Dungeon
  5885 | D:5      | Found a sand-covered staircase.
  5890 | Ossuary  | Entered an ossuary
  6564 | D:5      | Reached XP level 7. HP: 32/36 MP: 11/14
  7080 | D:5      | Reached skill level 5 in Spellcasting
  7169 | D:5      | Got a silken robe
  7180 | D:5      | Identified the +2 robe "Muihomn" {*Confuse rC+ Int+3} (You found it on level 5 of the Dungeon)
  7345 | D:6      | Learned a level 5 spell: Lee's Rapid Deconstruction
  7362 | D:6      | Found an iron altar of Okawaru.
  7362 | D:6      | Found a stormy altar of Qazlal.
  7933 | D:6      | Found a shadowy altar of Dithmenos.
  8241 | D:6      | Reached skill level 1 in Maces & Flails
  8744 | D:6      | Found a white marble altar of Elyvilon.
  8752 | D:6      | Reached skill level 6 in Earth Magic
  8752 | D:6      | Reached skill level 1 in Evocations
  8911 | D:6      | Reached skill level 1 in Armour
  9074 | D:6      | Reached skill level 1 in Fighting
  9074 | D:6      | Reached XP level 8. HP: 36/43 MP: 11/16
  9891 | D:6      | Found a blossoming altar of Fedhas.
 10360 | D:7      | Found a staircase to the Ecumenical Temple.
 10367 | Temple   | Entered the Ecumenical Temple
 10381 | Temple   | Became a worshipper of Vehumet
 10578 | D:7      | Found a roughly hewn altar of Beogh.
 10919 | D:7      | Reached XP level 9. HP: 17/49 MP: 14/18
 11262 | D:7      | Starved to death

Vault maps used:
D:1:      wheals_arrival_shading
D:2:      nrook_mini_backslash, cheibriados_altar_1, uniq_sigmund, uniq_natasha,
          uniq_jessica, uniq_terence
D:3:      zin_purify, kennysheep_generic_room_10
D:5:      lightli_ossuary_entry_decrepit_ruins, first_bread
D:6:      lemuel_doored_altar, overflow_temple_1_default,
          gammafunk_temple_overflow_wave, grunt_dithmenos_smoke
D:7:      temple_statues, david_defended_altar_orc
Temple:   nicolae_temple_god_jail
Ossuary:  ossuary_crypta

Action                   |  1- 3 |  4- 6 |  7- 9 || total
-------------------------+-------+-------+-------++-------
Melee: Short sword       |    59 |       |       ||    59
       Club              |    14 |       |       ||    14
       Flail             |       |    77 |   113 ||   190
       Dagger            |       |       |    15 ||    15
       Mace              |       |       |    78 ||    78
Throw: Stone             |       |       |    19 ||    19
 Cast: Sandblast         |    46 |    81 |   162 ||   289
       Stoneskin         |       |       |    11 ||    11
Evoke: Wand              |       |       |     1 ||     1
  Use: Scroll            |     4 |     3 |       ||     7
 Stab: Sleeping          |     1 |     1 |     1 ||     3
  Eat: Chunk             |     1 |     8 |     6 ||    15
       Fruit             |     1 |     2 |     2 ||     5
       Bread ration      |     1 |       |     2 ||     3
       Pizza             |       |     1 |       ||     1
